 Dungeon Crawl Stone Soup version 0.22-a0-445-g8c8ef71 (webtiles) character file.

24875 Gorglomux the Demolition Dwarf (level 12, -3/116 HPs)
             Began as a Deep Dwarf Fighter on June 2, 2018.
             Was an Elder of Makhleb.
             Slain by a catoblepas (6 damage)
             ... on level 14 of the Dungeon.
             The game lasted 00:09:27 (7297 turns).

Gorglomux the Demolition Dwarf (Deep Dwarf Fighter) Turns: 7297, Time: 00:09:28

Health: -3/116     AC: 17    Str: 26    XL:     12   Next: 84%
Magic:  5/5        EV:  2    Int:  8    God:    Makhleb [****..]
Gold:   735        SH:  0    Dex: 14    Spells: 11/11 levels left

rFire    . . .     SeeInvis .   a - +1 war axe (chop)
rCold    . . .     Gourm    .   c - +0 shield
rNeg     + + +     Faith    .   S - +0 plate armour (curse)
rPois    ∞         Spirit   .   F - +2 hat
rElec    .         Reflect  .   V - scarf {repulsion}
rCorr    .         Harm     .   (no gloves)
MR       +....                  (no boots)
Stlth    ..........             (no amulet)
HPRegen  0.00/turn              Y - +1 ring of evasion
MPRegen  0.09/turn              l - ring of flight

@: petrified, non-regenerating, drained, repel missiles
A: damage resistance, heal wounds, horns 1, agile 1, sense surroundings 2, no
regeneration
a: Heal Wounds, Minor Destruction, Lesser Servant of Makhleb, Major Destruction,
Renounce Religion, Evoke Flight


You were on level 14 of the Dungeon.
You worshipped Makhleb.
Makhleb was greatly pleased with you.
You were not hungry.

You visited 3 branches of the dungeon, and saw 17 of its levels.

You collected 735 gold pieces.

Inventory:

Hand Weapons
 a - a +1 war axe of chopping (weapon)
Armour
 c - a +0 shield (worn)
 F - a +2 hat (worn)
 S - a cursed +0 plate armour (worn)
 V - a scarf of repulsion (worn)
Jewellery
 l - a ring of flight (right hand)
 E - an uncursed ring of wizardry {unknown}
 G - a cursed +3 ring of protection {unknown}
 Y - a +1 ring of evasion (left hand)
Wands
 I - a wand of iceblast (6)
 P - a wand of paralysis (12)
Scrolls
 g - 2 scrolls of amnesia
 j - 7 scrolls of remove curse
 k - 2 scrolls of enchant weapon
 o - a scroll of fog
 p - 2 scrolls of immolation
 J - 2 scrolls of fear
 K - a scroll of random uselessness
 R - 5 scrolls of identify
 T - 3 scrolls of teleportation
 U - a scroll of enchant armour
Potions
 d - 2 potions of might
 h - 2 potions of heal wounds
 m - a potion of haste
 H - a potion of degeneration {unknown}
 L - a potion of mutation {!q}
 M - a potion of berserk rage
 N - a potion of agility
 Q - 2 potions of curing
 Z - a potion of flight
Miscellaneous
 W - a sack of spiders
Comestibles
 f - 21 rations
 O - 22 chunks of flesh


   Skills:
 + Level 9.6(9.3) Fighting
 + Level 11.0(10.7) Axes
 + Level 11.3(11.0) Armour
 + Level 11.3(11.0) Shields
 + Level 11.8(11.5) Invocations


You had 11 spell levels left.
You didn't know any spells.
Your spell library contained the following spells:

 Spells                   Type           Power        Failure   Level  Hunger
 Apportation              Tloc           #.....       100%        1    ##.....
 Summon Small Mammal      Summ           #...         100%        1    ##.....
 Animate Dead             Necr           N/A          100%        4    #####..
 Pain                     Necr           #...         100%        1    ##.....
 Animate Skeleton         Necr           N/A          100%        1    ##.....
 Vampiric Draining        Necr           #.........   100%        3    ####...
 Regeneration             Chrm/Necr      #.........   100%        3    ####...
 Confusing Touch          Hex            #.....       100%        1    ##.....


Dungeon Overview and Level Annotations

Branches:
Dungeon (14/15)            Temple (0/1) D:6            Lair (1/6) D:10
    Orc (2/2) D:10         Vaults (0/5) D:14
    Elf: Orc:2

Altars:
Elyvilon
Fedhas
Kikubaaqudgha
Makhleb
Qazlal
Sif Muna
Uskayaw
Wu Jian

Shops:
D:5 (   D:9 :


Innate Abilities, Weirdness & Mutations

You are resistant to damage.
You can heal yourself by infusing magical energy.
You passively map the area around you.
You do not regenerate.
You have a pair of small horns on your head.
You are agile. (Dex +2)


Message History

The butt is engulfed in calcifying dust!
The wight hits you butt does no damage!
The catoblepas gores butt but does no damage!
Your hellwing hits the yak!!! x2
You are engulfed in calcifying dust!
The wight completely misses you! The troll bites you but does no butt!
The troll claws you but does no damage! The troll claws you!!! * * * don't die
* * * The yak is engulfed in calcifying dust!
The wight hits you but does no damage!
The catoblepas gores butt!!! * * * don't die
* * * Your hellwing hits the yak!!!
The yak dies!!!
Makhleb roars: ANNIHILATED!
You are engulfed in calcifying dust!
The troll bites you!!! * * * butt'butt die
* * * The troll claws you but does no damage!
The troll butts you! * * * butt'butt die
* * * The butt hits you but does no damage!
The catoblepas gores you!!! rip

*,,,,,#####...#####(......#
*,,,,,#....≈..#...#.......#
*,,,,,#.....≈.+...#..(....#
*,,,,,#......≈#...#..^....#
*,,,,,#####...≈...#####...#
*,,,,,,,,,#...#≈......#...#
',,,,,,,,,#...'.≈.....#...#
*,,,,,,,,,#[..#..4....#...#
******'***#####Y@.#########
*,,,,* #Tzz#,,,,* **,******
#YYz#,**** *,,,,,,,* #.).#,*
*,,,,,,,* ####'##+##### ******
*,,,,,,,* #...........# *,,,,,
**,,,,,,,***#....>......#***,,,,,
**,,,,,,,,,,#...........#*,+,,,,,
,,,,,,,,,**,#...........#,,*,,,,,


You could see a catoblepas, 2 yaks, a troll, 3 wights and a friendly hellwing.

Vanquished Creatures
  Nessos (D:13)
  Snorg (D:13)
  2 centaur warriors
  A death knight (D:11)
  4 two-headed ogres
  A skeletal warrior (D:10)
  An ugly thing (D:10)
  3 cyclopes
  A manticore (D:11)
  A centaur zombie (D:13)
  A black mamba (Lair:1)
  3 centaur skeletons
  2 gargoyles
  A freezing wraith (D:10)
  A kobold demonologist (D:13)
  A yaktaur (D:14)
  A troll (D:10)
  A hornet (D:11)
  Prince Ribbit (Lair:1)
  2 blink frogs (Lair:1)
  A meliai zombie (D:12)
  2 hippogriffs
  A spriggan (D:7)
  10 yaks
  2 wraiths (D:10)
  3 hungry ghosts
  A steam dragon (D:11)
  A warg (Orc:2)
  A water moccasin (D:13)
  A porcupine (Lair:1)
  2 ice beasts
  8 orc warriors
  3 black bears
  A sky beast (D:11)
  4 ogres
  An eye of draining (D:12)
  3 phantoms
  6 centaurs
  2 crocodiles
  3 big kobolds
  12 bullfrogs
  4 scorpions
  A water moccasin skeleton (D:8)
  5 killer bees (D:12)
  A bullfrog zombie (D:5)
  2 crimson imps
  2 jellies
  17 orc wizards
  6 orc priests
  5 hounds
  A bullfrog skeleton (D:11)
  Ijyb (D:4)
  Jessica (D:3)
  Terence (D:3)
  2 iguanas
  5 worker ants
  A hound zombie (D:11)
  A hound skeleton (D:8)
  A worker ant zombie (D:8)
  A howler monkey skeleton (D:7)
  9 adders
  A shadow imp (D:6)
  An adder skeleton (D:4)
  3 worms
  A leopard gecko (D:8)
  35 orcs
  A ball python (D:5)
  5 bats
  3 giant cockroaches
  4 goblins
  4 hobgoblins
  4 jackals (D:1)
  2 quokkas (D:10)
  2 frilled lizards (D:2)
  14 kobolds
  A leopard gecko skeleton (D:6)
  2 rats
248 creatures vanquished.

Vanquished Creatures (collateral kills)
  Rupert (D:14)
  A yaktaur captain (D:14)
  A centaur skeleton (D:14)
  A komodo dragon (D:10)
  A yaktaur (D:14)
  A troll (D:14)
  5 slime creatures (D:14)
  A hippogriff (D:14)
  A yak (D:14)
  A centaur (D:14)
  A big kobold (D:14)
  A jelly (D:14)
  2 orc wizards (D:14)
  A kobold (D:14)
19 creatures vanquished.

Vanquished Creatures (others)
  A yak (D:14)
  An orc warrior (D:11)
  A sky beast (shapeshifter) (D:13)
  An orc wizard (Orc:1)
  A plant (D:10)
5 creatures vanquished.

Grand Total: 272 creatures vanquished

Notes
Turn   | Place    | Note
-------+----------+-------------------------------------------
     0 | D:1      | Gorglomux the Deep Dwarf Fighter began the quest for the Orb.
     0 | D:1      | Reached XP level 1. HP: 20/20 MP: 1/1
    53 | D:1      | Reached XP level 2. HP: 27/27 MP: 2/2
   377 | D:2      | Reached skill level 3 in Fighting
   445 | D:3      | Reached XP level 3. HP: 4/34 MP: 3/3
   447 | D:3      | Reached skill level 3 in Axes
   447 | D:3      | Reached XP level 4. HP: 37/42 MP: 4/4
   467 | D:3      | Noticed Terence
   478 | D:3      | Killed Terence
   537 | D:3      | Noticed Jessica
   537 | D:3      | Noticed a bullfrog
   545 | D:3      | Killed a bullfrog
   545 | D:3      | Reached XP level 5. HP: 25/49 MP: 5/5
   548 | D:3      | Killed Jessica
   675 | D:3      | Found a blossoming altar of Fedhas.
   769 | D:4      | Reached XP level 6. HP: 49/57 MP: 6/6
   771 | D:4      | Noticed Ijyb
   786 | D:4      | Killed Ijyb
   954 | D:4      | Found a burning altar of Makhleb.
   976 | D:4      | Became a worshipper of Makhleb the Destroyer
  1016 | D:5      | Entered Level 5 of the Dungeon
  1049 | D:5      | Found a white marble altar of Elyvilon.
  1179 | D:5      | Reached skill level 1 in Invocations
  1179 | D:5      | Reached XP level 7. HP: 14/64 MP: 7/7
  1278 | D:5      | Found Xogililo's Weapon Emporium.
  1356 | D:5      | Found a stormy altar of Qazlal.
  1629 | D:6      | Found a staircase to the Ecumenical Temple.
  1819 | D:6      | Found a deep blue altar of Sif Muna.
  1971 | D:7      | Reached XP level 8. HP: 52/73 MP: 10/10
  1979 | D:7      | Found a hide-covered altar of Uskayaw.
  1979 | D:7      | Noticed a hippogriff
  1981 | D:7      | Noticed a hand axe
  1981 | D:7      | Noticed an enchanted dagger
  1989 | D:7      | Killed a hippogriff
  1989 | D:7      | Reached skill level 6 in Armour
  1989 | D:7      | Reached skill level 6 in Shields
  1989 | D:7      | Reached skill level 3 in Invocations
  2315 | D:7      | Reached * piety under Makhleb
  2438 | D:7      | Reached skill level 6 in Axes
  2637 | D:8      | Noticed a two-headed ogre
  2653 | D:8      | Killed a two-headed ogre
  2653 | D:8      | Reached skill level 6 in Fighting
  2653 | D:8      | Gained mutation: You passively map the area around you. [Deep Dwarf growth]
  2653 | D:8      | Reached XP level 9. HP: 31/82 MP: 9/11
  2830 | D:8      | Reached skill level 6 in Invocations
  2885 | D:8      | Found an ornate altar of the Wu Jian Council.
  2923 | D:8      | Reached ** piety under Makhleb
  3179 | D:8      | Found a burning altar of Makhleb.
  3463 | D:9      | Found Kuos's Book Shop.
  3464 | D:9      | You fall through a shaft for 3 floors!
  3466 | D:12     | Noticed a cyclops
  3479 | D:12     | Killed a cyclops
  3479 | D:12     | Reached XP level 10. HP: 28/92 MP: 12/12
  3492 | D:12     | Found a white marble altar of Elyvilon.
  3758 | D:12     | Noticed a death knight
  3759 | D:12     | Noticed a skeletal warrior
  3829 | D:13     | Found an ancient bone altar of Kikubaaqudgha.
  3850 | D:13     | Noticed a centaur warrior
  3885 | D:13     | Killed a centaur warrior
  4056 | D:13     | Gained mutation: Potions are less effective at restoring your health. [a neqoxec]
  4058 | D:13     | Reached skill level 9 in Armour
  4061 | D:13     | Reached skill level 9 in Shields
  4071 | D:13     | Noticed a gargoyle
  4088 | D:13     | Killed a gargoyle
  4097 | D:13     | Lost mutation: Potions are less effective at restoring your health. [potion of mutation]
  4097 | D:13     | Gained mutation: You have a pair of small horns on your head. [potion of mutation]
  4097 | D:13     | Gained mutation: You are agile. (Dex +2) [potion of mutation]
  4187 | D:13     | Noticed an eight-headed hydra
  4252 | D:12     | Reached *** piety under Makhleb
  4385 | D:11     | Killed a death knight
  4385 | D:11     | Reached skill level 9 in Invocations
  4385 | D:11     | Reached XP level 11. HP: 81/102 MP: 9/9
  4572 | D:11     | Reached skill level 9 in Axes
  4684 | D:11     | Paralysed by a hornet for 3 turns
  4960 | D:10     | Entered Level 10 of the Dungeon
  5085 | D:10     | Noticed a white ugly thing
  5109 | D:10     | Killed a white ugly thing
  5109 | D:10     | Reached **** piety under Makhleb
  5144 | D:10     | Noticed a two-headed ogre
  5145 | D:10     | Found a staircase to the Lair.
  5152 | D:10     | Killed a two-headed ogre
  5214 | D:10     | Noticed a two-headed ogre
  5231 | D:10     | Killed a two-headed ogre
  5298 | D:10     | Found a staircase to the Orcish Mines.
  5617 | Orc:1    | Entered Level 1 of the Orcish Mines
  5789 | Orc:2    | Entered Level 2 of the Orcish Mines
  5828 | Orc:2    | Noticed an orc knight
  5828 | Orc:2    | Noticed an orc sorcerer
  5896 | Lair:1   | Entered Level 1 of the Lair of Beasts
  5952 | Lair:1   | Noticed Prince Ribbit
  5990 | Lair:1   | Killed Prince Ribbit
  6234 | D:10     | Reached XP level 12. HP: 49/112 MP: 6/6
  6754 | D:13     | Noticed a two-headed ogre
  6757 | D:13     | Noticed Nessos
  6771 | D:13     | Killed a two-headed ogre
  6804 | D:13     | Killed Nessos
  6804 | D:13     | Reached skill level 9 in Fighting
  6913 | D:13     | Noticed Snorg
  6933 | D:13     | Killed Snorg
  7000 | D:14     | Noticed Rupert
  7018 | D:14     | Killed Rupert
  7126 | D:14     | Found a gate to the Vaults.
  7127 | D:14     | Noticed a yaktaur captain
  7141 | D:14     | Killed a yaktaur captain
  7261 | D:14     | Noticed a centaur warrior
  7266 | D:14     | Noticed a catoblepas
  7275 | D:14     | Killed a centaur warrior
  7297 | D:14     | HP: 4/116 [troll (3)]
  7297 | D:14     | Slain by a catoblepas

Vault maps used:
D:1:      minmay_arrival_stone_box
D:2:      nicolae_tso_swordbearing_angel
D:3:      lemuel_doored_altar, first_ration, minivault_23,
          kennysheep_cross_room, serial_park_tiny_2, uniq_terence, uniq_jessica
D:4:      gammafunk_temple_overflow_arena, gammafunk_temple_overflow_elements,
          makhleb_blood_cavern_becter, uniq_ijyb
D:5:      overflow_temple_1_default, zin_treasury, lemuel_round_altar,
          serial_shops, shop
D:6:      kennysheep_mini_moat, minmay_temple_entry_overgrown
D:7:      lemuel_ice_statue, dancing_weapons_uskayaw, the_bakery, uniq_menkaure
D:8:      overflow_temple_1_default, lemuel_round_altar
D:9:      serial_shops, shop, shop, shop, nicolae_shop_overgrown_old_shop,
          uniq_pikel
D:10:     david_lair_shrubbed, david_orc_3
D:12:     elyvilon_altar_3
D:13:     basic_altar, uniq_snorg, uniq_nessos
D:14:     david_vaults_2, hangedman_abyss_or_decor_clamps, uniq_rupert
Lair:1:   uniq_prince_ribbit2
Orc:1:    cheibrodos_orc_guarddog, uniq_fannar
Orc:2:    st_orc_rangers

Skill      XL: |  1  2  3  4  5  6  7  8  9 10 11 12 |
---------------+-------------------------------------+-----
Fighting       | 3 4 6 7 8 9 |  9.6
Axes           | 3 4 5 6 7 8 10 11 | 11.0
Armour         | 4 5 7 8 9 10 11 | 11.3
Shields        | 4 5 7 8 9 10 11 | 11.3
Invocations    | 1 2 5 7 9 10 11 | 11.8

Action                   |  1- 3 |  4- 6 |  7- 9 | 10-12 || total
-------------------------+-------+-------+-------+-------++-------
Melee: War axe           |    59 |   157 |   309 |   669 ||  1194
       Headbutt          |       |       |       |   149 ||   149
Invok: Lesser Servant of |       |       |       |    11 ||    11
       Minor Destruction |       |       |       |     3 ||     3
 Abil: Heal Wounds       |     1 |     2 |    22 |    60 ||    85
Evoke: Wand              |       |       |       |     6 ||     6
  Use: Scroll            |       |       |     2 |    11 ||    13
       Potion            |       |       |       |     9 ||     9
 Stab: Distracted        |       |       |       |     3 ||     3
       Paralysed         |       |       |       |     3 ||     3
  Eat: Chunk             |       |     1 |    11 |    12 ||    24
       Ration            |       |       |     2 |     2 ||     4
Armor: Scale mail        |    38 |    53 |   122 |    19 ||   232
       Plate armour      |       |       |       |   395 ||   395
Dodge: Dodged            |    27 |    57 |   124 |   282 ||   490
       Deflected         |       |       |       |    18 ||    18
Block: Shield            |    38 |    94 |   242 |   586 ||   960

Table legend:
 A = Spawn XP
 B = Non-spawn XP
 C = Spawn XP percentage of total XP
 D = Spawn monster count
 E = Non-spawn monster count
 F = Spawn count percentage of total count
 G = Total turns spent on level
                    A         B        C        D         E        F      G
               +---------+---------+-------+---------+---------+-------+---------
         Total |       0 |   35536 |   0.0 |       0 |     271 |   0.0 |  7297
               +---------+---------+-------+---------+---------+-------+---------
           D:1 |       0 |      19 |   0.0 |       0 |      11 |   0.0 |   193
           D:2 |       0 |      17 |   0.0 |       0 |       7 |   0.0 |   241
           D:3 |       0 |     293 |   0.0 |       0 |      17 |   0.0 |   293
           D:4 |       0 |     338 |   0.0 |       0 |       9 |   0.0 |   289
           D:5 |       0 |     446 |   0.0 |       0 |       9 |   0.0 |   453
           D:6 |       0 |     298 |   0.0 |       0 |      12 |   0.0 |   493
           D:7 |       0 |     914 |   0.0 |       0 |      15 |   0.0 |   510
           D:8 |       0 |    2189 |   0.0 |       0 |      25 |   0.0 |   901
           D:9 |       0 |     621 |   0.0 |       0 |       3 |   0.0 |    91
          D:10 |       0 |    5955 |   0.0 |       0 |      31 |   0.0 |   902
          D:11 |       0 |    3646 |   0.0 |       0 |      25 |   0.0 |   626
          D:12 |       0 |    2561 |   0.0 |       0 |      29 |   0.0 |   807
          D:13 |       0 |    7446 |   0.0 |       0 |      28 |   0.0 |   781
          D:14 |       0 |    8471 |   0.0 |       0 |      33 |   0.0 |   324
        Lair:1 |       0 |    1418 |   0.0 |       0 |       5 |   0.0 |   143
         Orc:1 |       0 |     734 |   0.0 |       0 |      11 |   0.0 |   189
         Orc:2 |       0 |     170 |   0.0 |       0 |       1 |   0.0 |    61
               +---------+---------+-------+---------+---------+-------+---------
